 Dungeon Crawl Stone Soup version 0.13-b1-9-g87fe349 (webtiles) character file.

95559 Chiseanne the Prestidigitator (level 15, -1/108 HPs)
             Began as a Demonspawn Monk on Sept 29, 2013.
             Was the Champion of Nemelex Xobeh.
             Killed from afar by a deep elf annihilator (6 damage)
             ... with a poison arrow
             ... on Level 3 of the Elven Halls.
             The game lasted 07:08:01 (39212 turns).

Chiseanne the Prestidigitator (Demonspawn Monk)    Turns: 39212, Time: 07:08:01

HP  -1/108       AC 37     Str 18      XL: 15   Next: 64%
MP  14/30        EV 14     Int  8      God: Nemelex Xobeh [******]
Gold 686         SH 19     Dex 25      Spells:  2 memorised, 10 levels left

Res.Fire  : + + .   See Invis. : +   s - +7,+9 quick blade of Pain and Death {elec, Res.Cold : . . . Warding : . n - +13 storm dragon armour "Ikohaki" {rElec r Life Prot.: + . . Conserve : . m - +3 dwarf buckler
Res.Poison: +       Res.Corr.  : .   (helmet unavailable)
Res.Elec. : +       Clarity    : +   C - +2 cloak {MR+}
Sust.Abil.: . .     Spirit.Shd : .   A - +2 pair of gloves of the Solstice {Str+4 D Res.Mut. : . Rnd.Telep. : + F - -2 pair of boots of Steog {rElec rF+} Res.Rott. : . Flight : . Y - amulet of clarity Saprovore : . . . l - ring of protection from magic R - +4 ring of evasion

@: about to teleport, quite poisoned, very slightly contaminated, very resistant
to hostile enchantments, quite stealthy
A: antennae 3, talons 1, demonic guardian 1, nightstalker 3, poison resistance,
AC +3, EV -1, Int -2
a: Draw One, Peek at Two, Triple Draw, Deal Four, Stack Five, Renounce Religion


You were on level 3 of the Elven Halls.
You worshipped Nemelex Xobeh.
Nemelex Xobeh was exalted by your worship.
You were not hungry.

You visited 5 branches of the dungeon, and saw 30 of its levels.
You also visited: Labyrinth, Ossuary and Ice Cave.

You collected 3096 gold pieces.
You spent 2410 gold pieces at shops.

Inventory:

Hand weapons
 a - the +3,+3 sabre of the Snake Pit {antimagic, +Blink}
   (You found it on level 12 of the Dungeon)

   It disrupts the flow of magical energy around spellcasters and certain
   magical creatures (including the wielder).
   It lets you blink.
 d - the +1,+2 mace of Somewhere Else {crush, *Rage +Rage SInv}
   (You bought it in a shop on level 10 of the Dungeon)

   It inflicts extra damage upon your enemies.
   It enhances your eyesight.
   It lets you go berserk.
   It makes you angry.
 s - the +7,+9 quick blade of Pain and Death (weapon) {elec, *Tele rF+}
   (You found it on level 8 of the Lair of Beasts)

   Occasionally, upon striking a foe, it will discharge some electrical energy
   and cause terrible harm.
   It protects you from fire.
   It causes teleportation.
 w - a +1 blowgun
Missiles
 g - 5 needles of sleeping
 j - 5 needles of confusion
 N - 6 curare-tipped needles
Armour
 m - a +3 dwarven buckler (worn)
 n - the +13 storm dragon armour "Ikohaki" (worn) {rElec rN+}
   (You acquired it in an ice cave)

   It insulates you from electricity.
   It protects you from negative energy.
 A - the +2 pair of gloves of the Solstice (worn) {Str+4 Dex+4 Curse}
   (You acquired it on level 10 of the Dungeon)

   It affects your strength (+4).
   It affects your dexterity (+4).
   It may recurse itself.
 C - a +2 cloak of magic resistance (worn)
 F - the -2 pair of boots of Steog (worn) {rElec rF+}
   (You acquired it on level 4 of the Orcish Mines)

   It protects you from fire.
   It insulates you from electricity.
Magical devices
 k - a wand of disintegration (19)
 I - a wand of digging (8)
 L - a wand of enslavement (17)
Comestibles
 t - 12 honeycombs
Scrolls
 u - 4 scrolls of identify
 y - 5 scrolls of remove curse
 K - 3 scrolls of teleportation
 M - 2 scrolls of fear
 P - a scroll of fog
Jewellery
 l - a ring of protection from magic (right hand)
 R - a +4 ring of evasion (left hand)
 Y - an amulet of clarity (around neck)
Potions
 i - 2 potions of might
 p - 2 potions of restore abilities
 G - 3 potions of curing
 S - 2 potions of speed
 Z - a potion of magic
Miscellaneous
 c - an ornate deck of summonings {god gift}
 v - a legendary deck of summonings {drawn: 3} {god gift}
 z - a legendary deck of escape {the Portal, left: 5} {god gift}
 B - a legendary deck of summonings {drawn: 3} {god gift}
 D - an ornate deck of escape {the Banshee, left: 4} {god gift}
 E - an ornate deck of escape {Velocity, left: 5} {god gift}
 J - an ornate deck of escape {Velocity, left: 4} {god gift}
 O - an ornate deck of escape {Velocity, left: 3} {god gift}
 Q - an ornate deck of escape {Velocity, left: 4} {god gift}
 W - an ornate deck of escape {Flight, left: 5} {god gift}
 X - a legendary deck of summonings {drawn: 1} {god gift}
Rods
 f - a +7 rod of the swarm (15/15)
   (You took it off a minotaur in a labyrinth)


   Skills:
 - Level 8.5 Fighting
 - Level 6.8 Short Blades
 - Level 1.0 Maces & Flails
   Level 0.5 Polearms
 - Level 5.0 Throwing
 - Level 10.7 Armour
 - Level 10.3 Dodging
 - Level 8.0 Stealth
 + Level 9.2 Shields
 - Level 3.6 Unarmed Combat
 - Level 10.0 Earth Magic
 - Level 13.2 Evocations


You had 10 spell levels left.
You knew the following spells:

 Your Spells              Type           Power        Failure   Level  Hunger
a - Stoneskin             Trmt/Erth      #.........   97%         2    ###....
b - Cure Poison           Pois           #.........   100%        2    ###....


Dungeon Overview and Level Annotations

Branches:
Dungeon (14/27)            Temple (1/1) D:7             Orc (4/4) D:9
    Elf (3/3) Orc:3          Lair (8/8) D:13         Shoals (0/5) Lair:6
  Snake (0/5) Lair:3        Slime (0/6) Lair:7

Altars:
Ashenzari
Cheibriados
Elyvilon
Fedhas
Kikubaaqudgha
Makhleb
Nemelex Xobeh
Okawaru
Sif Muna
Trog
Vehumet
Xom
Yredelemnul
Zin
the Shining One

Shops:
D:10 *   Orc:3 *   Orc:4 +[(*   Elf:2 (

Annotations:
Elf:3 Louise


Innate Abilities, Weirdness & Mutations

You have a pair of large antennae on your head (SInv).
You are mostly covered in icy blue scales (AC +3, EV -1).
A weak demonic guardian rushes to your aid.
You are completely attuned to the shadows.
You have sharp toenails.
You are dopey. (Int -2)
Your system is resistant to poisons.


Message History

You feel yourself slow down.
Drink which item? (? for menu, Esc to quit)
Okay, then.
Use which ability? (? or * to list) Draw from which deck? (? for menu, Esc to quit)
You draw a card...
It is the Crusade.
The deep elf mage is converted.
Send 'em back where they came from!
The neqoxec disappears in a puff of smoke!
The blue devil disappears in a puff of smoke!
The rotting devil disappears in a puff of smoke!
The quasit disappears in a puff of smoke!
The ufetubus disappears in a puff of smoke!
The stone arrow hits the deep elf demonologist.
The deep elf demonologist dies!
The deep elf annihilator gestures at you while chanting.
The poison arrow hits you!
You are poisoned.
You partially resist.
You die...
Your body glows slightly and disappears.

{.e.
.........
..e..
.........
{#{{...
..<<.....
#e...#
######.. {
##§ee.# ##...
##.§§..#
##...#
##e(e§§##
##...##
####.§(§..#
##....##
.......@.##
##...#..#
..e....e.#
##.#####.# {
.......##
##..#...#..
##.{ ......##
##...#...##.
....{.{
....##
##...##....#.
.e..{.{{.{
.## ##...##
#...##
.{{e{{{{{
##...##
#....#
#..{ee{{.#
##...##
##.... #e#
##..<## #.8..


You could see a deep elf annihilator, 3 deep elf knights and a deep elf priest
(fleeing).

Vanquished Creatures
  A sphinx (shapeshifter) (Elf:1)
  Rupert (Elf:1)
  A deep elf sorcerer (Elf:2)
  A frost giant (IceCv)
  An orc warlord (Orc:4)
  Aizul (Elf:1)
  Snorg (Elf:2)
  Fannar (D:10)
  Harold (Lair:3)
  6 hydras
  An orc high priest (Orc:4)
  A very ugly thing (Orc:4)
  2 unseen horrors
  Erolcha (Orc:4)
  An ice statue (IceCv)
  2 hill giants
  11 deep elf knights
  3 orc knights (Orc:4)
  6 deep elf conjurers
  5 black mambas
  3 griffons
  6 orc sorcerers
  4 deep elf summoners (Elf:1)
  A feature mimic (Elf:2)
  Psyche (Orc:1)
  4 deep elf priests
  2 fire drakes
  4 trolls
  A mermaid (Lair:6)
  3 komodo dragons
  20 polar bears
  A two-headed ogre (D:12)
  6 spiny frogs
  A jumping spider (Elf:1)
  6 slime creatures
  2 basilisks
  6 blink frogs
  A shark (D:13)
  6 grizzly bears
  A redback (Elf:1)
  A tarantella (Elf:1)
  12 deep elf magi
  49 yaks
  2 elephant slugs
  Eustachio (D:7)
  2 water elementals (D:13)
  An ugly thing (Orc:1)
  A steam dragon (D:8)
  7 hippogriffs
  Grum (Orc:1)
  2 wyverns (D:10)
  A hungry ghost (D:10)
  15 deep elf fighters
  A manticore (D:13)
  33 wolves
  4 vampire mosquitoes
  A hell hound (Lair:8)
  4 nagas
  9 ice beasts
  15 orc warriors
  7 porcupines
  5 black bears
  2 yellow wasps
  6 giant goldfish
  A boring beetle (Lair:7)
  4 wargs
  8 ogres
  10 crocodiles
  2 elf zombies (Ossuary)
  6 centaurs
  2 big kobolds
  2 giant slugs (Lair:7)
  Blork the orc (D:7)
  16 giant frogs
  A manticore zombie (D:12)
  10 agate snails
  9 water moccasins
  A manticore skeleton (D:13)
  5 jellyfish
  14 killer bees
  6 electric eels
  A hippogriff skeleton (D:11)
  2 pulsating lumps (Lair:7)
  7 wights
  5 crimson imps
  A giant frog zombie (D:12)
  4 centaur zombies
  16 hounds
  A gnoll shaman (D:8)
  An iron imp (Elf:1)
  3 orange rats (Elf:1)
  16 orc priests
  A big fish (D:13)
  22 orc wizards
  8 worker ants
  3 scorpions
  12 iguanas
  A big kobold zombie (D:12)
  19 sheep
  An ogre skeleton (D:6)
  2 hound zombies (Ossuary)
  5 mummies
  5 gnolls
  21 green rats
  A lemure (Elf:1)
  21 adders
  A giant centipede (D:10)
  A worm (D:7)
  An ufetubus (Elf:1)
  An adder zombie (Ossuary)
  2 giant eyeballs
  6 giant geckos
  154 orcs
  12 bats
  2 giant cockroaches
  26 hobgoblins
  7 quokkas
  A ball python (D:2)
  6 giant newts
  A giant spore (D:13)
  16 goblins
  A goblin skeleton (D:4)
  4 goblin zombies
  4 hobgoblin zombies (Ossuary)
  21 jackals
  6 jackal zombies (Ossuary)
  30 kobolds
  A kobold skeleton (D:2)
  4 kobold zombies (Ossuary)
  An orc zombie (Ossuary)
  5 quokka zombies
  16 rats
  3 rat zombies (Ossuary)
  3 ballistomycetes
  A bush (Lair:1)
  3 fungi
  8 plants
934 creatures vanquished.

Vanquished Creatures (collateral kills)
  Nikola (Elf:2)
  Maud (Lair:3)
  A deep elf demonologist (Elf:3)
  A minotaur (Lab)
  2 hydras
  The ghost of tictac the Cloud Mage, a powerful HEAE of Vehumet (Lair:5)
  Erica (D:11)
  A very ugly thing (Lair:3)
  The ghost of Turgon the Grappler, an experienced TrWz of Vehumet (D:11)
  9 death yaks
  2 hill giants (D:12)
  2 ice statues
  A red wasp (D:8)
  An elephant (D:13)
  A griffon (D:13)
  2 cyclopes
  An eye of devastation (Temple)
  A black mamba (Lair:5)
  A deep elf summoner (Elf:1)
  2 spiny frogs
  3 fire drakes
  A hydra zombie (D:9)
  Grinder (D:4)
  3 polar bears
  3 giant fireflies (Lair:5)
  Sonja (D:13)
  A trapdoor spider zombie (D:11)
  2 griffon zombies
  A hydra skeleton (Lair:4)
  A troll (Orc:4)
  2 slime creatures (D:12)
  2 komodo dragons
  3 two-headed ogres
  7 grizzly bears
  A queen bee (Lair:3)
  2 blink frogs (Lair:3)
  An ugly thing (D:4)
  19 yaks
  A wraith (D:10)
  2 hippogriffs
  2 wyverns
  2 hungry ghosts
  A vampire mosquito (Orc:1)
  A hog (Lair:3)
  A manticore (D:9)
  7 wolves
  Menkaure (D:4)
  3 porcupines
  A hell hound (Lair:8)
  4 black bears
  2 yellow wasps
  14 ice beasts
  13 orc warriors
  2 phantoms
  6 centaurs
  2 ogres
  A boring beetle (Lair:3)
  3 crocodiles
  Duvessa (D:4)
  2 water moccasins
  5 giant frogs
  A warg (Lair:8)
  2 insubstantial wisps (Orc:4)
  5 agate snails
  A gnoll sergeant (D:9)
  A rock worm zombie (D:13)
  2 eyes of draining
  A troll zombie (D:13)
  29 killer bees
  Dowan (D:4)
  2 goliath beetles
  A quasit (D:9)
  A jelly (D:13)
  An iguana (D:13)
  4 hounds
  8 orc priests
  2 scorpions (D:10)
  4 worker ants
  10 orc wizards
  4 sheep
  A mottled dragon zombie (D:13)
  Jessica (D:2)
  13 gnolls
  10 green rats
  5 adders
  A giant mite (D:3)
  7 worms
  A giant centipede zombie (D:13)
  A giant eyeball (D:4)
  2 giant geckos
  38 orcs
  2 bats (D:4)
  A giant cockroach (D:1)
  4 hobgoblins
  3 kobolds
  A giant gecko skeleton (D:5)
  A goblin (D:5)
  3 jackals (Lair:1)
  A kobold skeleton (D:2)
  A rat skeleton (D:8)
341 creatures vanquished.

Vanquished Creatures (others)
  A death yak (Lair:3)
  A soul eater (Lair:3)
  6 very ugly things
  A skeletal warrior (Orc:1)
  An elephant (Orc:4)
  12 dancing weapons
  A spiny frog (Lair:4)
  2 vapours
  6 giant fireflies (Lair:5)
  A polar bear (Lair:8)
  A blink frog (Lair:3)
  2 basilisks
  5 grizzly bears (D:13)
  A redback (Elf:1)
  6 ugly things
  2 yaks
  A hippogriff (Lair:3)
  A vampire mosquito (Orc:4)
  A deep elf fighter (Elf:1)
  A wolf (D:12)
  A black bear (D:8)
  A dwarf (shapeshifter) (Elf:1)
  11 yellow wasps
  10 insubstantial wisps
  2 quasits (D:10)
  A hound (D:11)
  36 crimson imps
  30 iron imps
  5 orange rats
  A sheep (Lair:8)
  26 lemures
  A shadow imp (D:5)
  28 white imps
  34 ufetubi
  An adder skeleton (Lair:3)
  An iguana skeleton (D:11)
  2 orcs
  2 jackals (Lair:3)
  A giant newt skeleton (D:4)
  A giant spore (D:9)
  A hobgoblin skeleton (D:5)
  A quokka (Lair:3)
  2 butterflies (D:5)
  5 fungi
  4 plants
261 creatures vanquished.

Grand Total: 1536 creatures vanquished

Notes
Turn   | Place    | Note
--------------------------------------------------------------
     0 | D:1      | Chiseanne, the Demonspawn Monk, began the quest for the Orb.
     0 | D:1      | Reached XP level 1. HP: 16/16 MP: 0/0
    80 | D:1      | Found a sparkling altar of Nemelex Xobeh.
   324 | D:1      | Became a worshipper of Nemelex Xobeh
   324 | D:1      | Received a gift from Nemelex Xobeh
   324 | D:1      | Acquired Nemelex Xobeh's first power
   379 | D:1      | Gained mutation: Your natural rate of healing is unusually fast. [potion of mutation]
   379 | D:1      | Gained mutation: You are agile. (Dex +2) [potion of mutation]
   379 | D:1      | Gained mutation: You are dopey. (Int -2) [potion of mutation]
   528 | D:1      | Acquired Nemelex Xobeh's second power
   569 | D:1      | Paralysed by a potion of paralysis for 2 turns
   575 | D:1      | Received a gift from Nemelex Xobeh
   592 | D:1      | Gained mutation: A weak demonic guardian rushes to your aid. [demonic ancestry]
   592 | D:1      | Reached XP level 2. HP: 22/22 MP: 1/1
  1203 | D:2      | Reached skill level 1 in Evocations
  1366 | D:2      | Reached XP level 3. HP: 25/28 MP: 2/2
  1741 | D:2      | Received a gift from Nemelex Xobeh
  2022 | D:2      | Noticed Jessica
  2032 | D:2      | Killed Jessica
  2162 | D:3      | Received a gift from Nemelex Xobeh
  2166 | D:3      | Reached XP level 4. HP: 34/34 MP: 0/4
  2316 | D:3      | Acquired Nemelex Xobeh's third power
  2434 | D:3      | Found a deep blue altar of Sif Muna.
  3028 | D:4      | Noticed a black bear
  3036 | D:4      | Gained mutation: You are slightly more attuned to the shadows. [demonic ancestry]
  3036 | D:4      | Reached XP level 5. HP: 40/40 MP: 1/7
  3036 | D:4      | Killed a black bear
  3089 | D:4      | Noticed Grinder
  3098 | D:4      | Killed Grinder
  3098 | D:4      | Reached skill level 5 in Evocations
  3108 | D:4      | Paralysed by a giant eyeball for 2 turns
  3110 | D:4      | Reached XP level 6. HP: 42/46 MP: 7/10
  3212 | D:4      | Received a gift from Nemelex Xobeh
  3475 | D:4      | Noticed Menkaure
  3496 | D:4      | Killed Menkaure
  3508 | D:4      | Acquired Nemelex Xobeh's fourth power
  3520 | D:4      | Noticed a yak
  3523 | D:4      | Reached skill level 6 in Evocations
  3593 | D:4      | Noticed a green ugly thing
  3602 | D:4      | Noticed a polar bear
  3606 | D:4      | Killed a green ugly thing
  3609 | D:4      | Killed a polar bear
  3636 | D:4      | Found a white marble altar of Elyvilon.
  3642 | D:4      | Received a gift from Nemelex Xobeh
  3721 | D:4      | Found a bloodstained altar of Trog.
  3745 | D:4      | Noticed Duvessa
  3754 | D:4      | Noticed Dowan
  3758 | D:4      | Killed Duvessa
  3766 | D:4      | Killed Dowan
  4018 | D:5      | Entered Level 5 of the Dungeon
  4075 | D:5      | Reached skill level 7 in Evocations
  4075 | D:5      | Gained mutation: You are partially covered in icy blue scales (AC +1). [demonic ancestry]
  4075 | D:5      | Reached XP level 7. HP: 26/52 MP: 4/14
  4362 | D:5      | Reached skill level 8 in Evocations
  4530 | D:5      | Received a gift from Nemelex Xobeh
  4549 | D:5      | Acquired Nemelex Xobeh's fifth power
  4699 | D:5      | Reached skill level 1 in Short Blades
  4818 | D:5      | Received a gift from Nemelex Xobeh
  5151 | D:6      | Reached skill level 9 in Evocations
  5151 | D:6      | Reached XP level 8. HP: 58/58 MP: 18/18
  5450 | D:6      | Reached skill level 1 in Shields
  5887 | D:7      | Found a sand-covered staircase.
  5911 | Ossuary  | Entered an ossuary
  6704 | D:7      | Received a gift from Nemelex Xobeh
  6714 | D:7      | Paralysed by an orc priest for 7 turns
  6724 | D:7      | Received a gift from Nemelex Xobeh
  6827 | D:7      | Reached skill level 5 in Dodging
  6929 | D:7      | Noticed Blork the orc
  6935 | D:7      | Killed Blork the orc
  6945 | D:7      | Noticed Eustachio
  6979 | D:7      | Killed Eustachio
  6979 | D:7      | Gained mutation: You are significantly more attuned to the shadows. [demonic ancestry]
  6979 | D:7      | Reached XP level 9. HP: 58/64 MP: 20/20
  7066 | D:7      | Got a polished chain mail
  7076 | D:7      | Identified the cursed -3 chain mail "Qerhoara" {Str-4 Int+2} (You took it off an orc on level 7 of the Dungeon)
  7173 | D:7      | Found a staircase to the Ecumenical Temple.
  7183 | Temple   | Entered the Ecumenical Temple
  7437 | D:7      | Found a burning altar of Makhleb.
  7678 | D:7      | Received a gift from Nemelex Xobeh
  8034 | D:8      | Learned a level 2 spell: Stoneskin
  8118 | D:8      | Noticed a red wasp
  8120 | D:8      | Reached skill level 10 in Evocations
  8121 | D:8      | Killed a red wasp
  8158 | D:8      | Received a gift from Nemelex Xobeh
  9134 | D:8      | Received a gift from Nemelex Xobeh
  9241 | D:9      | Noticed a red very ugly thing
  9418 | D:9      | Received a gift from Nemelex Xobeh
  9442 | D:9      | Found a staircase to the Orcish Mines.
  9446 | D:9      | Reached skill level 5 in Fighting
  9532 | D:9      | Reached XP level 10. HP: 55/72 MP: 22/22
  9577 | D:9      | Received a gift from Nemelex Xobeh
 10120 | D:9      | Reached skill level 1 in Throwing
 10264 | D:10     | Entered Level 10 of the Dungeon
 10267 | D:10     | Noticed Fannar
 10284 | D:10     | Received a gift from Nemelex Xobeh
 10315 | D:10     | Killed Fannar
 10628 | D:10     | Identified a scroll of acquirement
 10631 | D:10     | Got a pair of heavily runed gloves
 10632 | D:10     | Identified the +2 pair of gloves of the Solstice {Str+4 Dex+4 Curse} (You acquired it on level 10 of the Dungeon)
 10677 | D:10     | Reached skill level 5 in Throwing
 10787 | D:10     | Reached skill level 1 in Earth Magic
 10810 | D:10     | Received a gift from Nemelex Xobeh
 10997 | D:10     | Found Phirant's General Store.
 11001 | D:10     | Bought a bread ration for 40 gold pieces
 11001 | D:10     | Bought a potion of paralysis for 10 gold pieces
 11001 | D:10     | Bought a beef jerky for 18 gold pieces
 11001 | D:10     | Bought a bread ration for 40 gold pieces
 11001 | D:10     | Bought the +1,+2 mace of Somewhere Else {crush, *Rage +Rage SInv} for 288 gold pieces
 11001 | D:10     | Bought a potion of might for 25 gold pieces
 11001 | D:10     | Bought 5 needles of sleeping for 20 gold pieces
 11001 | D:10     | Bought a potion of curing for 20 gold pieces
 11403 | D:10     | Received a gift from Nemelex Xobeh
 11711 | D:10     | Noticed an unseen horror
 11765 | D:10     | Killed an unseen horror
 11765 | D:10     | Reached skill level 5 in Earth Magic
 11815 | D:11     | Noticed Erica
 11912 | D:11     | Received a gift from Nemelex Xobeh
 11965 | D:11     | Killed Erica
 11965 | D:11     | Gained mutation: You have a pair of small antennae on your head. [demonic ancestry]
 11965 | D:11     | Reached XP level 11. HP: 36/77 MP: 3/24
 12127 | D:11     | Noticed Turgon's ghost (experienced TrWz)
 12173 | D:11     | Received a gift from Nemelex Xobeh
 12183 | D:11     | Killed Turgon's ghost
 12193 | D:11     | Noticed a cyclops
 12199 | D:11     | Killed a cyclops
 12557 | D:12     | Noticed a hill giant
 12566 | D:12     | Killed a hill giant
 12689 | D:12     | Noticed a hill giant
 12695 | D:12     | Received a gift from Nemelex Xobeh
 12698 | D:12     | Killed a hill giant
 12807 | D:12     | Found a bloodstained altar of Trog.
 13157 | D:12     | Received a gift from Nemelex Xobeh
 13322 | D:12     | Noticed a hill giant
 13334 | D:12     | Killed a hill giant
 13522 | D:12     | Identified Sif Muna's Collected Works on the Frostbite
 13666 | D:12     | Noticed a five-headed hydra
 13678 | D:12     | Killed a five-headed hydra
 13690 | D:12     | Got a warped sabre
 13691 | D:12     | Identified the cursed +3,+3 sabre of the Snake Pit {antimagic, +Blink} (You found it on level 12 of the Dungeon)
 13777 | D:13     | Reached skill level 10 in Earth Magic
 13789 | D:13     | Found a staircase to the Lair.
 13790 | D:13     | Received a gift from Nemelex Xobeh
 13844 | D:13     | Identified the Reference Book on Curses
 13852 | D:13     | Received a gift from Nemelex Xobeh
 13984 | D:13     | Reached skill level 5 in Stealth
 14126 | D:13     | Received a gift from Nemelex Xobeh
 14167 | D:13     | Noticed an unseen horror
 14169 | D:13     | Killed an unseen horror
 14175 | D:13     | Noticed Sonja
 14180 | D:13     | Killed Sonja
 14181 | D:13     | Gained mutation: You have a pair of antennae on your head. [demonic ancestry]
 14181 | D:13     | Reached XP level 12. HP: 63/84 MP: 13/25
 14256 | D:13     | Received a gift from Nemelex Xobeh
 14362 | D:13     | Reached skill level 11 in Evocations
 14901 | D:13     | Received a gift from Nemelex Xobeh
 15077 | D:14     | Entered Level 14 of the Dungeon
 15228 | Lair:1   | Entered Level 1 of the Lair of Beasts
 15467 | Lair:1   | Noticed a seven-headed hydra
 15476 | Lair:1   | Killed a seven-headed hydra
 15710 | Lair:1   | Received a gift from Nemelex Xobeh
 16328 | Lair:1   | Received a gift from Nemelex Xobeh
 16455 | Lair:1   | Learned a level 2 spell: Cure Poison
 16627 | Lair:2   | Noticed an eight-headed hydra
 16629 | Lair:2   | Killed an eight-headed hydra
 16965 | Lair:2   | Received a gift from Nemelex Xobeh
 16977 | Lair:2   | Reached skill level 5 in Shields
 17273 | Lair:3   | Received a gift from Nemelex Xobeh
 17296 | Lair:3   | Reached skill level 5 in Short Blades
 17434 | Lair:3   | Noticed a seven-headed hydra
 17445 | Lair:3   | Killed a seven-headed hydra
 17585 | Lab      | Entered a labyrinth
 17863 | Lab      | Noticed a minotaur
 17876 | Lab      | Received a gift from Nemelex Xobeh
 17898 | Lab      | Killed a minotaur
 18004 | Lair:3   | Received a gift from Nemelex Xobeh
 18142 | Lair:3   | Found a dark tunnel.
 18310 | Lair:1   | Identified a +4 rod of the swarm (11/11) (You took it off a minotaur in a labyrinth)
 18780 | Lair:1   | Received a gift from Nemelex Xobeh
 18916 | Lair:3   | Gained mutation: You are completely attuned to the shadows. [demonic ancestry]
 18916 | Lair:3   | Reached XP level 13. HP: 92/92 MP: 24/27
 19021 | Lair:3   | Found a staircase to the Snake Pit.
 19037 | Lair:3   | Noticed Maud
 19068 | Lair:3   | Received a gift from Nemelex Xobeh
 19079 | Lair:3   | Killed Maud
 19300 | Lair:3   | Noticed Harold
 19317 | Lair:3   | Killed Harold
 19781 | Lair:4   | Received a gift from Nemelex Xobeh
 19843 | Lair:4   | Found a frozen archway.
 19875 | IceCv    | Entered an ice cave
 19961 | IceCv    | Reached skill level 12 in Evocations
 20346 | IceCv    | Received a gift from Nemelex Xobeh
 20577 | IceCv    | Got a heavily runed storm dragon armour
 20578 | IceCv    | Identified the +13 storm dragon armour "Ikohaki" {rElec rN+} (You acquired it in an ice cave)
 20649 | IceCv    | Reached skill level 10 in Dodging
 21023 | IceCv    | Noticed a frost giant
 21029 | IceCv    | Reached skill level 1 in Armour
 21029 | IceCv    | Killed a frost giant
 21029 | IceCv    | Received a gift from Nemelex Xobeh
 21109 | IceCv    | Got a polished cloak
 21126 | IceCv    | Received a gift from Nemelex Xobeh
 21146 | Lair:4   | Identified the +1 cloak of Mneaher {SInv} (You found it in an ice cave)
 22234 | Lair:4   | Received a gift from Nemelex Xobeh
 22760 | Orc:1    | Entered Level 1 of the Orcish Mines
 22871 | Orc:1    | Received a gift from Nemelex Xobeh
 23045 | Orc:1    | Noticed Grum
 23046 | Orc:1    | Killed Grum
 23234 | Orc:1    | Received a gift from Nemelex Xobeh
 23287 | Orc:1    | Noticed Psyche
 23446 | Orc:1    | Killed Psyche
 23454 | Orc:1    | Received a gift from Nemelex Xobeh
 23557 | Orc:2    | Gained mutation: You are mostly covered in icy blue scales (AC +3, EV -1). [demonic ancestry]
 23557 | Orc:2    | Reached XP level 14. HP: 101/101 MP: 22/29
 23938 | Orc:2    | Received a gift from Nemelex Xobeh
 24172 | Orc:3    | Found a staircase to the Elven Halls.
 24290 | Orc:3    | Received a gift from Nemelex Xobeh
 24354 | Orc:3    | Found Yfiuvidgh's Assorted Antiques.
 24357 | Orc:3    | Bought 2 potions of might for 165 gold pieces
 24357 | Orc:3    | Bought a scroll of identify for 66 gold pieces
 24357 | Orc:3    | Bought a scroll of enchant weapon I for 181 gold pieces
 24357 | Orc:3    | Bought a potion of speed for 181 gold pieces
 24357 | Orc:3    | Bought a potion of curing for 66 gold pieces
 24357 | Orc:3    | Bought a scroll of enchant armour for 181 gold pieces
 24357 | Orc:3    | Bought a scroll of teleportation for 99 gold pieces
 24684 | Orc:4    | Entered Level 4 of the Orcish Mines
 24795 | Orc:4    | Received a gift from Nemelex Xobeh
 25017 | Orc:4    | Found Twies' General Store.
 25076 | Orc:4    | Received a gift from Nemelex Xobeh
 25145 | Orc:4    | Bought a scroll of acquirement for 780 gold pieces
 25145 | Orc:4    | Bought a potion of brilliance for 37 gold pieces
 25145 | Orc:4    | Bought a potion of speed for 82 gold pieces
 25145 | Orc:4    | Bought a scroll of identify for 30 gold pieces
 25200 | Orc:4    | Received a gift from Nemelex Xobeh
 25215 | Orc:4    | Found Bugogecu's Antique Weapon Boutique.
 25345 | Orc:4    | Found Eqiorela's Book Boutique.
 25380 | Orc:4    | Noticed an orc warlord
 25416 | Orc:4    | Noticed Erolcha
 25433 | Orc:4    | Received a gift from Nemelex Xobeh
 25436 | Orc:4    | Killed an orc warlord
 25436 | Orc:4    | Reached skill level 5 in Armour
 25438 | Orc:4    | Killed Erolcha
 25586 | Orc:4    | Found Bleess' Antique Armour Shop.
 25589 | Orc:4    | Received a gift from Nemelex Xobeh
 25625 | Orc:4    | Bought an embroidered cloak for 36 gold pieces
 25637 | Orc:4    | Got a pair of brightly glowing boots
 25638 | Orc:4    | Identified the -2 pair of boots of Steog {rElec rF+} (You acquired it on level 4 of the Orcish Mines)
 25976 | Orc:4    | Bought a scroll of teleportation for 45 gold pieces
 26022 | Elf:1    | Entered Level 1 of the Elven Halls
 26043 | Elf:1    | Received a gift from Nemelex Xobeh
 26198 | Elf:1    | Noticed Aizul
 26484 | Elf:1    | Received a gift from Nemelex Xobeh
 26543 | Elf:1    | Noticed Rupert
 26545 | Elf:1    | Received a gift from Nemelex Xobeh
 26551 | Elf:1    | Killed Rupert
 26603 | Elf:1    | Noticed a sphinx
 26604 | Elf:1    | Killed a sphinx
 26789 | Elf:1    | Found a burning altar of Makhleb.
 26820 | Elf:1    | Received a gift from Nemelex Xobeh
 27038 | Elf:1    | Received a gift from Nemelex Xobeh
 27180 | Elf:1    | Killed Aizul
 27334 | Elf:1    | Received a gift from Nemelex Xobeh
 27595 | Elf:2    | Noticed Nikola
 27597 | Elf:2    | Noticed Snorg
 27605 | Elf:2    | Killed Snorg
 27605 | Elf:2    | Reached skill level 10 in Armour
 27611 | Elf:2    | Killed Nikola
 27614 | Elf:2    | Received a gift from Nemelex Xobeh
 27934 | Elf:2    | Found Qinkiaph's Weapon Shop.
 28024 | Elf:2    | Noticed a deep elf sorcerer
 28025 | Elf:2    | Killed a deep elf sorcerer
 28540 | Elf:2    | Gained mutation: You have a pair of large antennae on your head (SInv). [demonic ancestry]
 28540 | Elf:2    | Reached XP level 15. HP: 104/107 MP: 28/30
 28548 | Elf:2    | Received a gift from Nemelex Xobeh
 29170 | Temple   | XOM: give mutations
 29170 | Temple   | Gained mutation: You have sharp toenails. [Xom's mischief]
 29170 | Temple   | Lost mutation: You are agile. (Dex +2) [Xom's mischief]
 29331 | Temple   | Received a gift from Nemelex Xobeh
 29483 | Temple   | Lost mutation: Your natural rate of healing is unusually fast. [helix card]
 29483 | Temple   | Gained mutation: Your system is resistant to poisons. [helix card]
 29891 | Lair:1   | Received a gift from Nemelex Xobeh
 31178 | Elf:3    | Entered Level 3 of the Elven Halls
 31553 | Elf:3    | Received a gift from Nemelex Xobeh
 31558 | Elf:3    | Reached skill level 13 in Evocations
 31865 | D:9      | Received a gift from Nemelex Xobeh
 32978 | Lair:5   | Noticed tictac's ghost (powerful HEAE)
 32985 | Lair:5   | Killed tictac's ghost
 33242 | Lair:5   | Received a gift from Nemelex Xobeh
 33904 | Lair:6   | Got a heavily jewelled robe
 33912 | Lair:6   | Identified the +0 robe of Nobility {Stlth-} (You found it on level 6 of the Lair of Beasts)
 34468 | Lair:6   | Found a staircase to the Shoals.
 34608 | Lair:6   | Received a gift from Nemelex Xobeh
 35418 | Lair:7   | Found a staircase to the Slime Pits.
 35457 | Lair:7   | Received a gift from Nemelex Xobeh
 35638 | Lair:7   | Reached skill level 1 in Maces & Flails
 36023 | Lair:8   | Entered Level 8 of the Lair of Beasts
 36667 | Lair:8   | Received a gift from Nemelex Xobeh
 36824 | Lair:8   | Received a gift from Nemelex Xobeh
 37130 | Lair:8   | Received a gift from Nemelex Xobeh
 38356 | Lair:8   | Got a brightly glowing quick blade
 38357 | Lair:8   | Identified the +7,+9 quick blade of Pain and Death {elec, *Tele rF+} (You found it on level 8 of the Lair of Beasts)
 38708 | Lair:1   | Received a gift from Nemelex Xobeh
 39147 | Elf:3    | Noticed Louise
 39148 | Elf:3    | Received a gift from Nemelex Xobeh
 39155 | Elf:3    | Noticed a deep elf master archer
 39209 | Elf:3    | Noticed a deep elf blademaster
 39209 | Elf:3    | HP: 5/108 [deep elf knight/elven long sword (9)]
 39212 | Elf:3    | Killed from afar by a deep elf annihilator

Action                   |  1- 3 |  4- 6 |  7- 9 | 10-12 | 13-15 || total
-------------------------+-------+-------+-------+-------+-------++-------
Melee: Club              |    48 |       |       |       |       ||    48
       Unarmed           |     6 |       |       |       |       ||     6
       Dagger            |   109 |   121 |   700 |  1012 |  1793 ||  3735
       Mace              |       |       |       |    46 |    15 ||    61
       Hand axe          |       |       |       |    31 |       ||    31
       Sabre             |       |       |       |       |  1479 ||  1479
       Short sword       |       |       |       |       |    20 ||    20
       Quick blade       |       |       |       |       |    13 ||    13
 Fire: Blowgun           |       |       |     6 |    41 |     1 ||    48
Throw: Stone             |    43 |       |     6 |       |       ||    49
       Dart              |     2 |    20 |    12 |     5 |       ||    39
       Dagger            |       |       |     2 |       |       ||     2
       Throwing net      |       |       |     1 |       |       ||     1
Invok: Draw One          |     3 |    30 |    38 |   119 |   267 ||   457
       Stack Five        |       |       |       |       |     8 ||     8
       Peek at Two       |       |       |       |       |     3 ||     3
 Abil: Evoke Invisibilit |       |       |       |     1 |       ||     1
       Evoke Blink       |       |       |       |       |     1 ||     1
Evoke: Deck              |    12 |       |       |       |       ||    12
       Wand              |       |     2 |    24 |    31 |    75 ||   132
  Use: Potion            |     6 |     4 |    10 |     4 |     6 ||    30
       Scroll            |       |    12 |    14 |    18 |    29 ||    73
 Stab: Distracted        |     1 |       |     1 |     6 |    29 ||    37
       Confused          |     1 |       |       |       |       ||     1
       Sleeping          |     1 |       |    18 |    33 |    31 ||    83
       Paralysed         |       |       |     1 |     2 |     1 ||     4
       Fleeing           |       |       |     1 |       |       ||     1
       Invisible         |       |       |       |     2 |       ||     2
